 Dungeon Crawl Stone Soup version 0.31-a0-277-g31ea1f65cc (webtiles) character file.

Game seed: 14269499912811774366

198 GloriousHammer the Shooter (level 5, -3/22 (25) HPs)
             Began as a Spriggan Hunter on July 14, 2023.
             Was an Initiate of Nemelex Xobeh.
             Slain by a gnoll
             ... wielding a +0 flail
             ... led by a gnoll sergeant
              (10 damage)
             ... on level 4 of the Dungeon on July 15, 2023.
             The game lasted 00:08:06 (3458 turns).

GloriousHammer the Shooter (Spriggan Hunter)        Turns: 3458, Time: 00:08:07

HP:   -3/22 (25)    AC:  2    Str:  7    XL:     5   Next: 47%
MP:   0/6           EV: 18    Int: 11    God:    Nemelex Xobeh [......]
Gold: 171           SH:  0    Dex: 20    Spells: 4/4 levels left

rFire   . . .        a - +0 shortbow
rCold   . . .        (shield currently unavailable)
rNeg    + . .        c - +0 robe
rPois   .            (helmet restricted)
rElec   .            o - scarf {+Inv}
rCorr   .            (gloves unavailable)
SInv    +            (boots unavailable)
Will    .....        i - amulet of guardian spirit
Stlth   ++           N - ring of positive energy
HPRegen 0.23/turn    (no ring)
MPRegen 0.10/turn

%: guardian spirit
@: heavily drained, very quick
A: very small, no large weapons, unfitting armour, see invisible, speed 3
a: Renounce Religion, Evoke Invisibility, Draw Escape, Draw Destruction, Draw
Summoning


You were on level 4 of the Dungeon.
You worshipped Nemelex Xobeh.
Nemelex Xobeh was noncommittal.
You visited 2 branches of the dungeon, and saw 6 of its levels.

You collected 171 gold pieces.

Inventory:

Hand Weapons
 a - a +0 shortbow (weapon)
 f - a +0 falchion
Armour
 c - a +0 robe (worn)
 o - a scarf of invisibility (worn)
Jewellery
 i - an amulet of guardian spirit (around neck)
 N - a ring of positive energy (left hand)
Scrolls
 b - a scroll of butterflies
 g - a scroll of fear {unknown}
 h - a scroll of silence {unknown}
 m - a scroll of amnesia
 n - a scroll of vulnerability {unknown}
 p - a scroll of revelation {unknown}
Potions
 e - 3 potions of curing {unknown}
 j - a potion of attraction {unknown}
 k - a potion of mutation {unknown}
 l - a potion of invisibility {unknown}


   Skills:
 - Level 1.5 Fighting
 + Level 6.8 Ranged Weapons
 - Level 2.6 Dodging
 - Level 1.5 Stealth
 + Level 0.2 Invocations


You had 4 spell levels left.
You didn't know any spells.
Your spell library contained the following spells:

 Spells                   Type           Power      Damage    Failure   Level
 Blink                    Tloc           0%         N/A       47%         2
 Lesser Beckoning         Tloc           0%         N/A       47%         2
 Momentum Strike          Conj/Tloc      0%         3d8       47%         2


Dungeon Overview and Level Annotations

Branches:
Dungeon (5/15)             Temple (1/1) D:4

Altars:
Ashenzari
Dithmenos
Elyvilon
Gozag
Hepliaklqana
Makhleb
Nemelex Xobeh
Okawaru
Ru
Trog
Uskayaw
Wu Jian
Xom
Yredelemnul
Zin

Annotations:
D:3 Grinder


Innate Abilities, Weirdness & Mutations

You are very small and have problems with some larger weapons.
You are too small for most types of armour.
You have supernaturally acute eyesight. (SInv)
You cover ground extremely quickly. (Speed+++)


Message History

You shoot an arrow. The arrow closely misses the quokka.
The quokka barely misses you. The quokka misses you.
You shoot an arrow. The arrow hits the quokka.
You kill the quokka!
No target in view!
There is an open door here.
You see here a quokka corpse.
A quokka comes into view.
A quokka is nearby!
You shoot an arrow. The arrow hits the quokka.
The quokka is severely wounded.
You shoot an arrow. The arrow barely misses the quokka.
You shoot an arrow. The arrow hits the quokka!
You kill the quokka!
No target in view!
There is an open door here.
You see here a quokka corpse.
There is an open door here.
Found a leather armour.
There is a stone staircase leading down here.
A kobold and a dart slug come into view.
There are monsters nearby!
You shoot an arrow. The arrow barely misses the dart slug.
You shoot an arrow.
The arrow hits the dart slug but does no damage.
The dart slug launches a dart at you. The slug dart misses you.
You shoot an arrow. The arrow hits the dart slug.
The dart slug is moderately wounded.
You shoot an arrow. The arrow hits the dart slug.
The dart slug is heavily wounded.
You shoot an arrow. The arrow hits the dart slug!
You kill the dart slug!
You shoot an arrow. The arrow barely misses the kobold.
The kobold hits you with a +0 whip.
You shoot an arrow. The arrow hits the kobold!
You kill the kobold!
No target in view!
HP restored.
Things that are here:
a +0 whip; a kobold corpse
Found a ring mail.
You now have 159 gold pieces (gained 13).
You now have 171 gold pieces (gained 12).
You open the door.
There is an open door here.
There is an open door here.
You enter the shallow water.
Moving in this stuff is going to be slow.
Done exploring.
Done exploring.
Done exploring.
Search for what [? for help]? .
(D) Dungeon (T) Temple
Where to? (Enter - D:4 @ (x,y), ? - help)
There is a stone staircase leading down here.
You climb downwards.
The gnoll shouts! x2; The gnoll sergeant shouts!
The gnoll shouts!
You hear a shout!
There is a stone staircase leading up here.
There are monsters nearby!
The gnoll closely misses you. x2
The gnoll sergeant completely misses you.
You climb upwards.
There is a stone staircase leading down here.
Okay, then.
You feel drained.
You fail to use your ability.
The gnoll misses you. The gnoll completely misses you.
Okay, then.
You shoot an arrow. The arrow closely misses the gnoll.
The gnoll misses you. The gnoll closely misses you.
You shoot an arrow.
The arrow hits the gnoll but does no damage.
The gnoll barely misses you. The gnoll misses you.
You shoot an arrow. The arrow hits the gnoll.
The gnoll is moderately wounded.
The gnoll misses you. The gnoll closely misses you.
You shoot an arrow. The arrow barely misses the gnoll.
The gnoll barely misses you. The gnoll hits you with a +0 flail.
As you read the scroll labelled CUSETA WOZESH, it crumbles to dust.
It is a scroll of identify.
m - a scroll of amnesia The gnoll hits you with a +0 halberd.
The gnoll misses you.
You shoot an arrow. The arrow barely misses the gnoll.
The gnoll completely misses you. The gnoll barely misses you.
You shoot an arrow. The arrow hits the gnoll.
The gnoll is heavily wounded.
The gnoll hits you with a +0 halberd! The gnoll barely misses you.
You shoot an arrow. The arrow hits the gnoll.
The gnoll is almost dead.
The gnoll barely misses you. x2
You shoot an arrow.
The arrow hits the gnoll but does no damage.
The gnoll is almost dead.
The gnoll hits you with a +0 halberd. The gnoll closely misses you.
Unknown command.
You shoot an arrow. The arrow closely misses the gnoll.
The gnoll hits you with a +0 halberd. The gnoll hits you with a +0 flail!
You die...
Your body disappears without a glow.

#.....###.....##....#.##.##.##...
#.....'.#.#...##.##.#.#..##.##...
#.....#.#.#...##.~#.#.#.###.##...
.######.#.....##.~##....###.##...
♣♣♣♣♣♣..###...##~~~#........##...
≈≈≈≈..♣+###<..###~~##.###########
....≈.♣...##..####~~#......#
≈≈≈.≈.♣...'...##g#~~###.##.#
...≈≈.♣...###..g@##~# #..#.#
._.≈≈.♣...# #######~####~#†###
...≈≈.♣...# #~~# #~#...#
≈≈≈.≈.♣...# #~~# #~##..#
....≈.♣.).# ####~~# #~~#..#
≈≈≈≈..♣...# #~#~~## #~~#..#
♣♣♣♣♣♣....# #~#~~####~~#..#
#.....# #~~~###~##~#..# #.....#
#~~~# #~##~#..#


You could see 2 gnolls.

Vanquished Creatures
  A scorpion (D:4)
  Terence (D:3)
  6 adders
  A worm (D:3)
  3 dart slugs (D:4)
  2 orcs
  4 bats
  3 endoplasms
  A giant cockroach (D:1)
  2 hobgoblins
  3 jackals (D:2)
  5 quokkas
  3 ball pythons
  3 frilled lizards
  6 goblins
  5 kobolds
  6 rats
55 creatures vanquished.

Notes
Turn   | Place    | Note
-------+----------+-------------------------------------------
     0 | D:1      | GloriousHammer the Spriggan Hunter began the quest for the
                  | Orb.
     0 | D:1      | Reached XP level 1. HP: 10/10 MP: 2/2
   502 | D:1      | Reached XP level 2. HP: 14/14 MP: 3/3
  1297 | D:2      | Reached skill level 5 in Ranged Weapons
  1297 | D:2      | Reached XP level 3. HP: 18/18 MP: 4/4
  1751 | D:2      | Reached XP level 4. HP: 21/22 MP: 5/5
  2287 | D:3      | Noticed Terence
  2386 | D:3      | Killed Terence
  2387 | D:3      | Reached skill level 6 in Ranged Weapons
  2538 | D:3      | Noticed Grinder
  2752 | D:4      | Found a staircase to the Ecumenical Temple.
  2754 | D:4      | Noticed a scorpion
  2770 | D:4      | Killed a scorpion
  2771 | D:4      | Reached XP level 5. HP: 19/25 MP: 4/6
  2851 | Temple   | Entered the Ecumenical Temple
  2901 | Temple   | Upgraded the game from 0.31-a0-271-gb88eb75e06 to
                  | 0.31-a0-277-g31ea1f65cc
  2930 | D:4      | Found a sacrificial altar of Ru.
  2930 | D:4      | Found a sparkling altar of Nemelex Xobeh.
  2933 | D:4      | Found a hide-covered altar of Uskayaw.
  2933 | D:4      | Found a shadowy altar of Dithmenos.
  2936 | D:4      | Found a white marble altar of Elyvilon.
  2942 | D:4      | Became a worshipper of Nemelex Xobeh the Trickster
  3021 | D:4      | Found a bloodstained altar of Trog.
  3445 | D:5      | Entered Level 5 of the Dungeon
  3458 | D:4      | Slain by a gnoll

Illustrated notes

Levels and vault maps discovered:
D:1:      elethiomel_arrival_infinity_welcomes_careful_drivers, layout_basic,
          bh_walls_and_bars
D:2:      layout_basic
D:3:      layout_basic, hex_large, dk_vineyard_2, minmay_misc_feat_rows,
          eino_tiny_chamber, uniq_terence, uniq_grinder
D:4:      layout_basic, lemuel_crystal_altar, mainiacjoe_overflow_paths,
          grunt_temple_overflow_open, minmay_temple_entry_large_hall,
          chequers_serial_rivers_large_b, minmay_bisected
D:5:      minmay_inner_zag, layout_basic, lemuel_round_altar,
          sigmund_edmund_badplayer
Temple:   nicolae_temple_cloud_nine

Skill      XL: |  1  2  3  4 |
---------------+-------------+-----
Ranged Weapons | 5 6 |  6.8
Fighting       | |  1.5
Dodging        | |  2.6
Stealth        | |  1.5
Invocations    | |  0.2

Action                     |  1- 3 |  4- 6 || total
---------------------------+-------+-------++-------
   Fire: Shortbow          |    92 |    81 ||   173
    Use: Scroll            |       |     1 ||     1
 Armour: Robe              |     4 |     4 ||     8
  Dodge: Dodged            |    25 |    28 ||    53

Table legend: (Time is in decaauts)
 A = Elapsed time spent in this place.
 B = Non-inter-level travel time spent in this place.
 C = Inter-level travel time spent in this place.
 D = Time resting spent in this place.
 E = Time spent auto-exploring this place.
 F = Levels seen in this place.
 G = Mean time per level.
                   A        B        C        D        E       F      G
               +--------+--------+--------+--------+--------+-----+--------+
         Total |   2259 |   2124 |    135 |     18 |   1621 |   6 |  376.5 |
       Dungeon |   2221 |   2086 |    135 |     18 |   1596 |   5 |  444.2 |
        Temple |     38 |     38 |      0 |      0 |     24 |   1 |   38.0 |
               +--------+--------+--------+--------+--------+-----+--------+

Top non-repeatable levels by time:
     D:2: 765 daAuts
     D:1: 592 daAuts
     D:4: 492 daAuts
     D:3: 368 daAuts
  Temple: 38 daAuts
     D:5: 1 daAuts
